Map: Frozen Temple

Players

Darkspine

  • Race: Protoss Protoss

imbatroll - Winner!

  • Race: Terran Terran

VOD

Have the link to the VOD?

Description

Time

  • Played on: Oct. 19, 2016, 7:08 p.m.
  • Length: 11:24
Show
View Real Time Build Order
Export as new Build Order

Darkspine Protoss 

Build Orders:  

Get SALT Encoding   

  12  0:01  Probe (Chrono Boost)  
  13  0:11  Probe (Chrono Boost)  
  14  0:19  Pylon  
  14  0:25  Probe (Chrono Boost)  
  15  0:37  Probe (Chrono Boost)  
  15  0:40  Gateway  
  16  0:48  Probe (Chrono Boost)  
  17  0:51  Assimilator  
  17  0:58  Probe (Chrono Boost)  
  18  1:09  Probe (Chrono Boost)  
  19  1:19  Probe (Chrono Boost)  
  20  1:25  Pylon  
  20  1:37  Probe (Chrono Boost)  
  21  1:48  Probe (Chrono Boost)  
  21  1:51  Nexus, Unknown  
  22  1:54  Cybernetics Core  
  22  1:58  Probe (Chrono Boost)  
  23  2:03  Assimilator  
  23  2:16  Gateway  
  23  2:18  Probe (Chrono Boost)  
  24  2:23  Warp Gate  
  24  2:29  Pylon  
  24  2:32  Probe (Chrono Boost)  
  27  2:46  Mothership Core (Chrono Boost)  
  27  3:02  Unknown  
  28  3:05  Probe (Chrono Boost)  
  28  3:06  Gateway  
  28  3:08  Gateway  
  28  3:14  Sentry  
  28  3:15  Stalker  
  28  3:18  Probe (Chrono Boost)  
  33  3:20  Probe (Chrono Boost)  
  34  3:30  Probe (Chrono Boost)  
  34  3:31  Probe (Chrono Boost)  
  37  3:41  Probe (Chrono Boost)  
  37  3:42  Probe (Chrono Boost), Pylon  
  38  3:50  Pylon  
  38  3:52  Probe (Chrono Boost)  
  38  3:54  Probe (Chrono Boost), Pylon  
  39  4:06  Probe (Chrono Boost)  
  40  4:14  Robotics Facility  
  40  4:27  Adept x2  
  40  4:29  Adept  
  40  4:30  Adept  
  44  5:04  Probe (Chrono Boost)  
  44  5:05  Probe (Chrono Boost), Stalker x2  
  44  5:06  Stalker x2  
  40  5:51  Stalker x4  
  29  6:08  Probe (Chrono Boost)  
  29  6:10  Probe (Chrono Boost)  
  31  6:18  Adept  
  31  6:19  Adept x3, Probe (Chrono Boost)  
  31  6:22  Probe (Chrono Boost)  
  35  6:29  Probe (Chrono Boost)  
  33  6:34  Probe (Chrono Boost), Observer  
  33  6:40  Probe (Chrono Boost), Stalker  
  33  6:42  Zealot x3  
  33  6:46  Probe (Chrono Boost)  
  43  6:51  Probe (Chrono Boost)  
  44  6:58  Probe (Chrono Boost), Assimilator  
  46  7:01  Probe (Chrono Boost)  
  46  7:10  Probe (Chrono Boost)  
  46  7:12  Probe (Chrono Boost)  
  49  7:22  Probe (Chrono Boost)  
  49  7:32  Stalker x2  
  51  7:53  Probe (Chrono Boost)  
  51  7:54  Probe (Chrono Boost)  
  53  8:06  Probe (Chrono Boost)  
  40  8:20  Probe (Chrono Boost)  
  40  8:22  Probe (Chrono Boost)  
  40  8:24  Stargate  
  42  8:31  Probe (Chrono Boost)  
  43  8:34  Probe (Chrono Boost)  
  43  8:42  Probe (Chrono Boost)  
  43  8:46  Probe (Chrono Boost)  
  45  8:53  Probe (Chrono Boost)  
  44  8:58  Stalker x3  
  48  9:04  Probe (Chrono Boost)  
  48  9:05  Probe (Chrono Boost)  
  50  9:15  Probe (Chrono Boost)  
  52  9:17  Probe (Chrono Boost)  
  52  9:32  Twilight Council  
  37  9:54  Stalker x4  
  47  10:15  Probe (Chrono Boost)  
  44  10:26  Sentry  
  46  10:33  Pylon  
  42  10:46  Sentry  
  44  10:51  Dark Shrine  
Show
View Real Time Build Order
Export as new Build Order

imbatroll Terran - Winner!

Build Orders: MMM Bio 

Get SALT Encoding   

  12  0:01  SCV  
  13  0:13  SCV  
  14  0:18  Supply Depot  
  14  0:25  SCV  
  15  0:31  Refinery  
  15  0:39  SCV  
  16  0:44  Barracks  
  16  0:52  SCV  
  17  1:04  SCV  
  18  1:11  Refinery  
  18  1:16  SCV  
  19  1:28  SCV  
  19  1:32  Marine  
  21  1:36  Supply Depot  
  21  1:40  Orbital Command  
  21  1:52  Factory  
  21  1:58  Barracks Reactor  
  21  2:07  SCV  
  22  2:17  Supply Depot  
  22  2:19  SCV  
  23  2:31  SCV  
  23  2:35  Marine x2  
  26  2:37  Factory Reactor  
  26  2:38  Starport  
  26  2:46  SCV  
  27  2:52  Marine  
  27  2:53  Marine  
  29  3:03  SCV  
  30  3:06  Supply Depot  
  30  3:10  Marine x2  
  32  3:16  Widow Mine x2  
  32  3:18  Medivac  
  38  3:28  Marine x2  
  40  3:41  Command Center, Unknown  
  40  3:44  Widow Mine  
  40  3:45  Widow Mine  
  44  3:52  Medivac  
  46  4:00  Supply Depot  
  46  4:01  Marine  
  47  4:21  Marine  
  47  4:23  Liberator  
  48  4:29  SCV  
  49  4:34  Barracks  
  48  4:41  SCV  
  48  4:42  Marine  
  48  4:43  Marine  
  54  4:52  Unknown  
  48  5:02  Marine x2  
  48  5:05  Hellion  
  47  5:20  Marine x2  
  45  5:35  Orbital Command  
  38  5:49  Marine x2  
  36  5:51  SCV  
  38  6:04  SCV  
  38  6:08  Marine x2  
  38  6:10  SCV  
  40  6:16  SCV  
  41  6:22  Barracks Tech Lab, SCV  
  42  6:28  SCV  
  43  6:38  SCV  
  44  6:40  SCV  
  44  6:43  Stimpack  
  45  6:47  Factory Tech Lab  
  45  6:50  SCV  
  44  7:01  Marine  
  44  7:02  Marine  
  44  7:03  Marauder  
  46  7:24  Medivac, Siege Tank  
  46  7:25  SCV x2  
  53  7:32  Marine x2  
  53  7:33  Marauder  
  57  7:37  SCV  
  57  7:38  SCV  
  59  7:49  SCV  
  59  7:50  Marine x2  
  62  7:54  Marauder  
  62  7:55  Barracks  
  62  7:56  Siege Tank  
  67  8:07  Marine  
  67  8:08  Marine  
  68  8:16  Marauder  
  69  8:25  Marine  
  70  8:31  Marine  
  70  8:32  Engineering Bay, Siege Tank  
  74  8:34  Supply Depot  
  74  8:36  Marine  
  75  8:43  Marine  
  75  8:44  Barracks Reactor  
  75  8:47  Supply Depot  
  75  8:48  Barracks  
  76  8:51  Combat Shields  
  76  8:55  Marauder  
  78  8:56  Marine  
  76  9:04  Siege Tank  
  79  9:12  Marine  
  79  9:13  Marine  
  79  9:15  SCV x2, Supply Depot  
  79  9:16  Marauder  
  85  9:18  Missile Turret  
  85  9:26  Terran Infantry Weapons Level 1  
  85  9:27  Marine x2  
  87  9:36  Siege Tank  
  87  9:37  Marauder  
  92  9:49  Marine x3  
  95  9:58  Missile Turret, Marine x2  
  95  9:59  Marauder  
  99  10:02  Supply Depot  
  99  10:07  Marine  
  100  10:20  Marauder  
  102  10:24  Marine x2  
  102  10:25  Marine x2  
  102  10:28  Marine  
  106  10:30  Supply Depot  
  107  10:42  Marauder, Marine  
  112  11:05  Marine x4  
  117  11:22  Barracks Tech Lab  
Tags
 
Composition
MMM Bio
Matchup
PvT
Add a new tag
Caveats
  • Supply blocks, unpowered buildings, or Contaminate may cause inaccurate times.
  • Supply counts are checked every 10 seconds.